 Dungeon Crawl Stone Soup version 0.17-a0-1914-gde4187c (webtiles) character file.

409 graki42 the Magician (level 6, -1/32 HPs)
             Began as a Deep Elf Conjurer on Sept 26, 2015.
             Was a Follower of Vehumet.
             Slain by a phantom (6 damage)
             ... on level 4 of the Dungeon.
             The game lasted 00:15:39 (2947 turns).

graki42 the Magician (Deep Elf Conjurer)            Turns: 2947, Time: 00:15:39

Health: -1/32      AC:  3    Str:  5    XL:     6   Next: 58%
Magic:  0/17       EV: 13    Int: 26    God:    Vehumet [*.....]
Gold:   129        SH:  0    Dex: 15    Spells: 5 memorised, 7 levels left

rFire  . . .     SeeInvis .     p - +3 dagger (venom)
rCold  + . .     Clarity  +     q - +0 robe
rNeg   . . .     SustAt   .     (no shield)
rPois  .         Gourm    .     (no helmet)
rElec  .         Spirit   .     (no cloak)
rCorr  .         Warding  .     i - +0 pair of gloves
rMut   .         Stasis   .     (no boots)
MR     .....                    r - amulet of clarity
Stlth  ++........               n - +4 ring of intelligence
                                d - ring of protection from cold

@: not resistant to hostile enchantments, unstealthy
A: no striking features
a: Renounce Religion


You were on level 4 of the Dungeon.
You worshipped Vehumet.
Vehumet was aware of your devotion.
You were not hungry.

You visited 1 branch of the dungeon, and saw 4 of its levels.

You collected 129 gold pieces.

Inventory:

Hand weapons
 p - a +3 dagger of venom (weapon)
Armour
 i - a +0 pair of gloves (worn)
 q - a +0 robe (worn)
Jewellery
 d - a ring of protection from cold (left hand)
 n - a +4 ring of intelligence (right hand)
 r - an amulet of clarity (around neck)
 v - an uncursed ring of protection from cold
Magical devices
 o - a wand of flame (24)
 w - a wand of fire (8)
Scrolls
 e - 2 scrolls of teleportation
 f - 3 scrolls of remove curse
 l - a scroll of identify
 u - 2 scrolls of blinking
Potions
 a - a potion of poison {unknown}
 g - 2 potions of degeneration {unknown}
 h - a potion of might
 j - a potion of flight {unknown}
 m - 2 potions of heal wounds {unknown}
 s - a potion of brilliance {unknown}
Books
 b - a book of Conjurations

   Spells                             Type                      Level
   a - Magic Dart                     Conjuration                  1
   b - Searing Ray                    Conjuration                  2
   c - Dazzling Spray                 Conjuration/Hexes            3
   d - Fulminant Prism                Conjuration/Hexes            4
   e - Iskenderun's Mystic Blast      Conjuration                  4
   f - Iskenderun's Battlesphere      Conjuration/Charms           5
Comestibles
 c - 3 bread rations
 k - a beef jerky
 t - a meat ration
 x - a slice of pizza
 z - 2 chunks of flesh


   Skills:
 + Level 3.4 Dodging
 + Level 3.3 Stealth
 + Level 6.5 Spellcasting
 + Level 6.4 Conjurations
 + Level 1.0 Fire Magic


You had 7 spell levels left.
You knew the following spells:

 Your Spells              Type           Power        Failure   Level  Hunger
a - Magic Dart            Conj           ####         1%          1    None
b - Searing Ray           Conj           #####.       1%          2    None
c - Dazzling Spray        Conj/Hex       ####....     8%          3    None
d - Flame Tongue          Conj/Fire      ####.        1%          1    None
e - Iskenderun's Mystic   Conj           #####...     6%          4    ###....


Dungeon Overview and Level Annotations

Branches:
Dungeon (4/15)             Temple (0/1) D:4

Altars:
Makhleb
Vehumet
Xom


Message History

The black bear closely misses you. The black bear claws you.
* * * LOW HITPOINT WARNING * * *
The black bear claws you.
* * * LOW HITPOINT WARNING * * *
Drink which item? (? for menu, Esc to quit)
Okay, then.
The black bear barely misses you. The black bear completely misses you.
The black bear barely misses you.
Casting: Searing Ray
Confirm with . or Enter, or press ? or * to list all spells.
Aiming: Magic Dart
Press: ? - help, Shift-Dir - straight line, f - black bear
Aim: a black bear (almost dead, berserk, fast, unusually strong, poisoned)
The magic dart hits the black bear.
You kill the black bear!
Vehumet accepts your kill.
Your Fire Magic skill increases to level 1!
The phantom blinks!
The phantom hits you.
You die...

#...####### ### #.######
#.......... ..# #.......
#.<######## #.# #######
#..# #.# #..#### #.####
#.....# #.§..##
#.....### #.##..#
######.......#####.###W#
................@.## .≈≈
######...........W#
.≈≈≈# #.....########
)≈≈≈# ##....#### ♣...+
#.......##### ≈≈≈#
##..........# ≈≈≈#
#.###......#
########.####.#####
...........####


You could see a phantom.

Vanquished Creatures
  A black bear (D:4)
  An ogre (D:4)
  A water moccasin skeleton (D:4)
  A worker ant (D:4)
  2 orc wizards (D:4)
  A shadow imp (D:3)
  4 adders
  An ooze (D:3)
  A giant gecko (D:3)
  7 orcs
  6 bats
  5 giant cockroaches
  14 goblins
  8 hobgoblins
  4 jackals (D:4)
  A quokka (D:2)
  2 giant newts
  7 kobolds
  6 rats
73 creatures vanquished.

Notes
Turn   | Place    | Note
--------------------------------------------------------------
     0 | D:1      | graki42 the Deep Elf Conjurer began the quest for the Orb.
     0 | D:1      | Reached XP level 1. HP: 10/10 MP: 6/6
   235 | D:1      | Reached XP level 2. HP: 15/15 MP: 4/8
   373 | D:1      | Reached skill level 5 in Conjurations
   653 | D:1      | Learned a level 2 spell: Searing Ray
   729 | D:2      | Reached XP level 3. HP: 19/19 MP: 1/9
   936 | D:2      | Found a shimmering altar of Xom.
   949 | D:2      | Found a radiant altar of Vehumet.
   963 | D:2      | Became a worshipper of Vehumet
  1127 | D:2      | Learned a level 3 spell: Dazzling Spray
  1407 | D:2      | Reached XP level 4. HP: 24/24 MP: 8/11
  2211 | D:4      | Found a staircase to the Ecumenical Temple.
  2349 | D:4      | Found a burning altar of Makhleb.
  2358 | D:4      | Acquired Vehumet's first power
  2358 | D:4      | Offered knowledge of Flame Tongue by Vehumet.
  2361 | D:4      | Learned a level 1 spell: Flame Tongue
  2366 | D:4      | Learned a level 4 spell: Iskenderun's Mystic Blast
  2410 | D:4      | Reached XP level 5. HP: 12/28 MP: 4/14
  2591 | D:4      | Reached skill level 5 in Spellcasting
  2858 | D:4      | Reached skill level 6 in Conjurations
  2930 | D:4      | Noticed an ogre
  2932 | D:4      | Killed an ogre
  2932 | D:4      | Reached XP level 6. HP: 29/32 MP: 7/17
  2933 | D:4      | Noticed a black bear
  2935 | D:4      | Noticed a phantom
  2945 | D:4      | Killed a black bear
  2945 | D:4      | Reached skill level 1 in Fire Magic
  2947 | D:4      | Slain by a phantom

Vault maps used:
D:1:      minmay_arrival_semitransparent
D:2:      xom_teletrap_fun, vehumet_crystals
D:3:      first_bread, hangedman_decor_riveting, minmay_misc_feat_columns
D:4:      old_standard_altar, minmay_temple_entry_mist, kennysheep_flooded_box

Action                   |  1- 3 |  4- 6 || total
-------------------------+-------+-------++-------
Melee: Unarmed           |     8 |       ||     8
       Dagger            |       |     4 ||     4
 Cast: Magic Dart        |    74 |    58 ||   132
       Searing Ray       |     2 |     6 ||     8
       Flame Tongue      |       |    17 ||    17
       Dazzling Spray    |       |     2 ||     2
       Iskenderun's Myst |       |     2 ||     2
  Use: Scroll            |     7 |     2 ||     9
  Eat: Chunk             |     1 |     5 ||     6
